Unix NetHack Version 5.0.0-0 post-release - last build Jul 14 2026 02:55:29 (1809b74e8187c3a3585e283601c3028b46cbbdcb,branch:main).

Game began 2026-07-18 02:18:10, ended 2026-07-18 03:32:02.

KnightLite, lawful female human Archeologist

                                                                        -----
                                                                 ---  ---..<|
                                                                 ..|---.[...|
                                                                 -.|.[).|..--
                                                              ----.../.-|.--
                                                              |.........---
                                                              |N@.d|.---
                                                              |..----
                                                              |..|
                                                               .--

KnightLite the Field Worker  St:15 Dx:12 Co:14 In:16 Wi:16 Ch:7  Lawful
Dlvl:6  $:81 HP:0(36) Pw:27(27) AC:0  Xp:5 T:3975 

Latest messages:
 Your clumsy kick does no damage.
 The large dog misses grusha's ghost.
 The large dog misses grusha's ghost.
 In what direction? 3
 Your clumsy kick does no damage.
 The large dog misses grusha's ghost.
 In what direction? 3
 Your clumsy kick does no damage.
 The large dog bites grusha's ghost.
 The large dog misses grusha's ghost.
 In what direction? 3
 Your clumsy kick does no damage.
 The large dog bites grusha's ghost.
 You are almost hit by a splash of venom.
 In what direction? 3
 Your clumsy kick does no damage.
 The large dog misses grusha's ghost.
 Grusha's ghost touches you!
 In what direction? 3
 Your clumsy kick does no damage.
 The large dog misses grusha's ghost.
 In what direction? 3
 You kick grusha's ghost.
 The large dog misses grusha's ghost.
 The large dog bites grusha's ghost.
 In what direction? 3
 Your clumsy kick does no damage.
 The large dog bites grusha's ghost.
 Grusha's ghost is destroyed!
 A splash of venom misses you.
 The guardian naga bites!
 The guardian naga touches you!
 The guardian naga brushes against you.
 You miss the guardian naga.
 The guardian naga bites!
 You are frozen by the guardian naga!
 The guardian naga touches you!
 The guardian naga brushes against you.
 The guardian naga bites!
 The guardian naga touches you!
 The guardian naga brushes against you.
 The guardian naga bites!
 The guardian naga touches you!
 The guardian naga coils itself around you!
 The guardian naga bites!
 You are being crushed.
 The guardian naga bites!
 You die...
 Do you want your possessions identified? [ynq] (y) y
 Do you want to see your attributes? [ynq] (y) q

Inventory:
 Coins    ('$')
  $ - 81 gold pieces
 Weapons  (')')
  a - a +2 bullwhip (weapon in right hand)
 Armor    ('[')
  H - an uncursed +0 dwarvish iron helm (being worn)
  u - a blessed +0 pair of jumping boots (being worn)
  k - an uncursed +0 large shield (being worn)
  E - an uncursed +0 dwarvish cloak (being worn)
  x - a blessed +2 studded leather armor (being worn)
 Comestibles  ('%')
  J - a cursed cram ration
 Scrolls  ('?')
  V - a cursed scroll of genocide
  t - an uncursed scroll of scare monster
  X - a cursed scroll of teleportation
 Potions  ('!')
  c - an uncursed potion of extra healing
  d - an uncursed potion of full healing
  q - an uncursed potion of gain energy
  L - an uncursed potion of monster detection
  z - a cursed potion of oil
  p - an uncursed potion of sickness
  A - a cursed potion of sickness
 Rings    ('=')
  B - a cursed ring of fire resistance
 Wands    ('/')
  Z - a wand of enlightenment (0:12)
  W - a wand of slow monster (0:6)
 Tools    ('(')
  h - an uncursed sack containing 1 item
  Y - an uncursed brass lantern (lit)
  R - an uncursed lock pick
  U - a cursed oil lamp
  N - an uncursed tin whistle
  f - a tinning kit (0:67)
  r - an uncursed towel
 Gems/Stones  ('*')
  b - an uncursed jasper stone

Contents of the sack:
  148 gold pieces

KnightLite the Archeologist's attributes:

Background:
 You were a Field Worker, a level 5 female human Archeologist.
 You were lawful, on a mission for Quetzalcoatl
 who was opposed by Camaxtli (neutral) and Huhetotl (chaotic).
 You were right-handed.
 You were in the Gnomish Mines, on level 6.
 You entered the dungeon 3975 turns ago.
 It was nighttime.
 You had 307 experience points, 13 more were needed to attain level 6.

Basics:
 You had 0 out of 36 hit points.
 You had all 27 energy points (spell power).
 Your armor class was 0.
 Your wallet contained 81 zorkmids, and
 you had 148 more stashed away in your pack.
 Autopickup was on for '0' plus thrown, with exceptions.

Final Characteristics:
 Your strength was 15 (limit:18/100).
 Your dexterity was 12 (limit:18).
 Your constitution was 14 (limit:18).
 Your intelligence was 16 (limit:18).
 Your wisdom was 16 (limit:18).
 Your charisma was 7 (limit:18).

Final Status:
 You were held by a guardian naga (west).
 You weren't hungry.
 You were unencumbered.
 You were wielding a whip.
 You had basic skill with whip and could have enhanced that.

Final Attributes:
 You were piously aligned.
 Your items were somewhat protected from fire.
 Your items were somewhat protected from cold.
 You had automatic searching.
 You were stealthy.
 You could jump.
 You were warded.
 You are dead.

Miscellaneous:
 You encountered 2 bones levels.
 Total elapsed playing time was 1 hour, 13 minutes and 50 seconds.

Major events:
 Turn
    1: KnightLite the lawful female human Archeologist entered the dungeon
 1673: entered the Gnomish Mines
 1679: attained the rank of Field Worker (level 3)
 3917: reached Mine Town
 3975: killed by a guardian naga, while paralyzed

You didn't know any spells.

Skills:
 Fighting Skills
   bare handed combat [Unskilled]
   two weapon combat  [Unskilled]
   riding             [Unskilled]
 Weapon Skills
   dagger             [Unskilled]
   knife              [Unskilled]
   pick-axe           [Basic]
   short sword        [Unskilled]
   saber              [Unskilled]
   club               [Unskilled]
   quarterstaff       [Unskilled]
   sling              [Unskilled]
   dart               [Unskilled]
   boomerang          [Unskilled]
   whip               [Basic]
   unicorn horn       [Unskilled]
 Spellcasting Skills
   attack spells      [Unskilled]
   healing spells     [Unskilled]
   divination spells  [Unskilled]
   matter spells      [Unskilled]

Voluntary challenges:
 Character rerolling was not enabled.
 You never genocided any monsters.
 You never polymorphed an object.
 You never changed form.
 You used no wishes.
Achievements:
 You entered a shop.
 You entered the Gnomish Mines.
 You attained the rank of Field Worker.
 You entered Minetown.

 The Dungeons of Doom: levels 1 to 4
    Level 1:
       A fountain, a sink.
    Level 2:
       A fountain.
       Stairs down to The Gnomish Mines.
    Level 3:
       A sink.
    Level 4:
       An armor shop, a fountain.
 The Gnomish Mines: levels 3 to 6
    Level 3:
       A grave.
       Final resting place for
          levoittiel-Rog-Hum-Fem-Cha, killed by a gnome.
    Level 4:
    Level 5:
    Level 6: <- You were here.
       A grave.
       Final resting place for
          you, killed by a guardian naga, while paralyzed,
          grusha-Sam-Hum-Fem-Law, killed by a guardian naga, while paralyzed.


Vanquished creatures:
  2 ghosts
  a leprechaun
  a housecat
  a pony
  2 yellow lights
  a violet fungus
  5 gnome leaders
  a kobold mummy
  3 elf zombies
  a giant ant
  a kitten
 10 dwarves
  4 homunculi
  2 kobold leaders
  4 hill orcs
  a rothe
  a monkey
  2 dwarf zombies
  3 iguanas
  5 coyotes
  a gas spore
  3 hobbits
  2 manes
  a large kobold
  3 giant rats
  2 cave spiders
 25 gnomes
  2 geckos
  3 jackals
  4 goblins
  3 sewer rats
  a grid bug
  a bat
  3 lichens
  4 newts
109 creatures vanquished.

No species were genocided or became extinct.

Game over:
                       ----------
                      /          \
                     /    REST    \
                    /      IN      \
                   /     PEACE      \
                  /                  \
                  |    KnightLite    |
                  |      229 Au      |
                  |   killed by a    |
                  |  guardian naga   |
                  |                  |
                  |                  |
                  |       2026       |
                 *|     *  *  *      | *
        _________)/\\_//(\/(/\)/\//\/|_)_______

Goodbye KnightLite the Archeologist...

You died in The Gnomish Mines on dungeon level 6 with 1705 points,
and 229 pieces of gold, after 3975 moves.
You were level 5 with a maximum of 36 hit points when you died.

